 Dungeon Crawl Stone Soup version 0.29-a0-824-gd827844252 (webtiles) character file.

Game seed: 10151190732571495138

56 GenialerGandalf the Trooper (level 3, -4/33 HPs)
             Began as a Hill Orc Fighter on July 10, 2022.
             Was an Initiate of Beogh.
             Killed by divine providence
             ... invoked by an orc priest
              (16 damage)
             ... on level 3 of the Dungeon.
             The game lasted 00:03:51 (2888 turns).

GenialerGandalf the Trooper (Hill Orc Fighter)      Turns: 2888, Time: 00:03:53

Health: -4/33      AC:  7    Str: 20    XL:     3   Next: 97%
Magic:  3/3        EV:  9    Int:  8    God:    Beogh [......]
Gold:   117        SH:  4    Dex: 10    Spells: 2/2 levels left

rFire   . . .      SeeInvis .   a - +0 war axe
rCold   . . .      Faith    .   c - +0 buckler
rNeg    . . .      Spirit   .   b - +0 scale mail
rPois   .          Reflect  .   (no helmet)
rElec   .          Harm     .   (no cloak)
rCorr   .          Rampage  .   (no gloves)
Will    .....                   (no boots)
Stlth   ..........              (no amulet)
HPRegen 0.11/turn               (no ring)
MPRegen 0.08/turn               (no ring)

@: no status effects
A: no striking features
a: Renounce Religion


You were on level 3 of the Dungeon.
You worshipped Beogh.
Beogh was noncommittal.
You visited 1 branch of the dungeon, and saw 3 of its levels.

You collected 117 gold pieces.

Inventory:

Hand Weapons
 a - a +0 war axe (weapon)
Armour
 b - a +0 scale mail (worn)
 c - a +0 buckler (worn)
Jewellery
 j - a +4 ring of slaying
Scrolls
 g - 4 scrolls of identify {unknown}
 h - 2 scrolls of vulnerability {unknown}
 l - 2 scrolls of amnesia {unknown}
 m - a scroll of fear {unknown}
Potions
 d - a potion of might
 e - a potion of invisibility {unknown}
 f - a potion of brilliance {unknown}
 i - a potion of berserk rage {unknown}
 k - a potion of flight {unknown}
 n - a potion of curing {unknown}
 o - a potion of degeneration {unknown}
 p - a potion of cancellation {unknown}


   Skills:
 * Level 4.2 Fighting
 * Level 4.0 Axes
 * Level 3.7 Armour
 - Level 0.2 Dodging
 * Level 3.6 Shields
 * Level 0.2 Invocations


You had 2 spell levels left.
You didn't know any spells.
Your spell library was empty.

Dungeon Overview and Level Annotations

Branches:
Dungeon (3/15)

Altars:
Cheibriados

Annotations:
D:3 1 runed translucent door, Crazy Yiuf


Message History

Your Axes skill increases to level 4!
You now have 117 gold pieces (gained 1).
An orc comes into view. It is wielding a +0 hand axe.
The orc shouts!
You hear a shout! x3
The orc moves out of view.
An orc comes into view. It is wielding a +0 dagger.
The orc shouts! 2 orcs and an orc priest come into view.
Found a runed cloak.
The orc shouts!
The orc priest shouts!
You hit the orc priest but do no damage.
You barely miss the orc. The orc hits you but does no damage.
You hit the orc.
The orc is lightly wounded.
You closely miss the orc. The orc hits you with a +0 hand axe.
The orc priest mumbles some strange prayers to Beogh against you.
Beogh smites you!
You slash the orc!
You kill the orc!
Beogh accepts your kill.
You hit the orc but do no damage. You block the orc's attack.
The orc misses you. The orc priest closely misses you.
You barely miss the orc priest. You hit the orc but do no damage.
The orc priest hits you but does no damage.
The orc hits you with a +0 hand axe.
You are too injured to fight recklessly!
You are too injured to fight recklessly!
You are too injured to fight recklessly!
You hit the orc but do no damage. You slash the orc priest!
You block the orc's attack.
The orc priest hits you with a +0 short sword.
The orc priest attacks as you move away!
The orc priest hits you with a +0 short sword.
You hit the orc priest.
The orc priest is severely wounded.
You block the orc priest's attack.
The orc priest invokes the aid of Beogh against you.
Beogh smites you!
You die...
Beogh appreciates the orc priest's killing of a heretic priest.

#..#..# #
##.....####.# #.
#............
#.####.##...###.##
#>..##.##...##[..
#######....##....#..#
......#....###...#..#
.................#o.#
................@ooo#
..............#######
......##...##.#
......##...##.#
...........##.#
###.†.#######.##
......# #...# ####.##
#...# #.# #<..#


You could see an orc priest and 3 orcs.

Vanquished Creatures
  An adder (D:2)
  2 dart slugs
  4 orcs (D:3)
  4 ball pythons
  6 endoplasms
  2 giant cockroaches
  3 goblins
  3 hobgoblins
  3 kobolds (D:1)
  A quokka (D:1)
  3 bats
  2 frilled lizards
  A rat (D:1)
35 creatures vanquished.

Notes
Turn   | Place    | Note
-------+----------+-------------------------------------------
     0 | D:1      | GenialerGandalf the Hill Orc Fighter began the quest for
                  | the Orb.
     0 | D:1      | Reached XP level 1. HP: 19/19 MP: 1/1
   198 | D:1      | Reached XP level 2. HP: 27/27 MP: 2/2
   645 | D:1      | Found a faded altar of an unknown god.
  1556 | D:2      | Reached XP level 3. HP: 33/33 MP: 3/3
  1937 | D:2      | Found a snail-covered altar of Cheibriados.
  2488 | D:3      | Became a worshipper of Beogh the Brigand
  2780 | D:3      | Found a runed translucent door.
  2781 | D:3      | Noticed Crazy Yiuf
  2888 | D:3      | Killed from afar by an orc priest

Illustrated notes

Levels and vault maps discovered:
D:1:      erik_arrival_blinker_ship, layout_basic, basic_ecumenical_altar
D:2:      layout_basic, basic_altar
D:3:      layout_loops_cross, uniq_pargi, uniq_crazy_yiuf_cottage, uniq_natasha

Skill      XL: |  1  2  3 |
---------------+----------+-----
Axes           | 3 4 |  4.0
Fighting       | 4 |  4.2
Armour         | |  3.7
Dodging        | |  0.2
Shields        | |  3.6
Invocations    | |  0.2

Action                   || total
-------------------------++-------
Melee: War axe           ||    93
Invok: Convert to Beogh  ||     1
Armor: Scale mail        ||    43
Dodge: Dodged            ||    47
Block: Buckler           ||    23

Table legend: (Time is in decaauts)
 A = Elapsed time spent in this place.
 B = Non-inter-level travel time spent in this place.
 C = Inter-level travel time spent in this place.
 D = Time resting spent in this place.
 E = Time spent auto-exploring this place.
 F = Levels seen in this place.
 G = Mean time per level.
                   A        B        C        D        E       F      G
               +--------+--------+--------+--------+--------+-----+--------+
         Total |   2922 |   2871 |     51 |    137 |   2206 |   3 |  974.0 |
       Dungeon |   2922 |   2871 |     51 |    137 |   2206 |   3 |  974.0 |
               +--------+--------+--------+--------+--------+-----+--------+

Top non-repeatable levels by time:
     D:1: 1445 daAuts
     D:2: 1025 daAuts
     D:3: 451 daAuts
